 Dungeon Crawl Stone Soup version 0.30.1 (webtiles) character file.

Game seed: 14762473453702182383

22 Peloso the Trooper (level 2, 27/27 HPs)
             Began as a Minotaur Fighter on July 6, 2023.
             Got out of the dungeon alive.
             The game lasted 00:01:23 (779 turns).

Peloso the Trooper (Minotaur Fighter)                Turns: 779, Time: 00:01:24

Health: 27/27      AC:  7    Str: 20    XL:     2   Next: 68%
Magic:  1/1        EV:  9    Int:  5    God:
Gold:   31         SH:  4    Dex:  7    Spells: 1/1 levels left

rFire   . . .        a - +0 long sword
rCold   . . .        c - +0 buckler
rNeg    . . .        b - +0 scale mail
rPois   +            (helmet restricted)
rElec   .            (no cloak)
rCorr   .            (no gloves)
SInv    .            (no boots)
Will    .....        (no amulet) Stlth
                     i - ring of poison resistance
HPRegen 0.24/turn    (no ring)
MPRegen 0.07/turn

%: no passive effects
@: brilliant
A: horns 2, retaliatory headbutt, clumsy 1, wild magic 1
a: no special abilities


You escaped.
You visited 1 branch of the dungeon, and saw 1 of its levels.

You collected 31 gold pieces.

Inventory:

Hand Weapons
 a - a +0 long sword (weapon)
Armour
 b - a +0 scale mail (worn)
 c - a +0 buckler (worn)
Jewellery
 i - a ring of poison resistance (left hand)
Scrolls
 f - a scroll of brand weapon {unknown}
 j - a scroll of blinking
Potions
 d - a potion of might


   Skills:
 + Level 4.1 Fighting
 + Level 2.8 Long Blades
 + Level 3.9 Armour
 + Level 3.9 Shields


You had one spell level left.
You didn't know any spells.
Your spell library contained the following spells:

 Spells                   Type           Power      Damage    Failure   Level
 Shock                    Conj/Air       0%         1d3       92%         1
 Swiftness                Air            0%         N/A       100%        3
 Airstrike                Air            0%         2d(0-16)  100%        4


Dungeon Overview and Level Annotations

Branches:
Dungeon (1/15)

Altars:


Innate Abilities, Weirdness & Mutations

You have a pair of horns on your head.
You reflexively headbutt those who attack you in melee.
You are clumsy. (Dex -2)
Your spells are a little harder to cast, but a little more powerful.


Message History

An endoplasm comes into view.
Found 5 gold pieces.
The endoplasm quivers.
An endoplasm is nearby!
Found a stone staircase leading down.
The endoplasm hits you but does no damage.
You hit the endoplasm. Your headbutt misses the endoplasm.
The endoplasm is almost dead.
The endoplasm freezes you.
You are frozen.
You hit the endoplasm but do no damage. You headbutt the endoplasm.
You kill the endoplasm!
You now have 31 gold pieces (gained 5).
There is a stone staircase leading down here.
There is a stone staircase leading down here.
You open the door.
There is an open door here.
Things that are here:
a +0 short sword; 5 stones
Things that are here:
a +0 short sword; 4 stones
There is an open door here.
Done exploring.
Done exploring.
Done exploring.
As you read the scroll labelled ETUSOCUHOME, it crumbles to dust.
You feel strangely unstable.
It was a scroll of teleportation.
It was a potion of brilliance.
You feel clever all of a sudden.
Your surroundings suddenly seem different.
It was a potion of mutation.
You feel extremely strange.
You feel less in control of your magic.
You feel clumsy.
(D) Dungeon
Where to? (? - help)
What level of the Dungeon? (default 1, ? - help)
There is a fountain of clear blue water here.
There is an open door here.
There is a staircase leading out of the dungeon here.
Are you sure you want to leave the Dungeon?
This will make you lose the game!
You have escaped!

.=....#......#
#....>....#.######
......#......# #.........#.#
......#......# #.........#.#
......#......# #.........#.#
......#......###########.#.#
......#.............# #.#.#
......#.......⌠...⌠.# #.#.#
......#........###..####.#.#
......###...#..#@#.......#.#
......# #.#.#..#'#..###..#.#
......# #.#.#.⌠...⌠.# ##.#.#
####### #.#.#.......# #.#.#
#.#.###..#..####.#.#
#.#.#....#.......#.#
#.#.#.##'#.#######.#
#########.#.#.#..........#.#
..........#.#.#..........#.#


There were no monsters in sight!

Vanquished Creatures
  A dart slug (D:1)
  A ball python (D:1)
  A bat (D:1)
  4 endoplasms (D:1)
  A giant cockroach (D:1)
  2 goblins (D:1)
  A quokka (D:1)
  3 frilled lizards (D:1)
  3 kobolds (D:1)
  A rat (D:1)
18 creatures vanquished.

Notes
Turn   | Place    | Note
-------+----------+-------------------------------------------
     0 | D:1      | Peloso the Minotaur Fighter began the quest for the Orb.
     0 | D:1      | Reached XP level 1. HP: 19/19 MP: 0/0
   175 | D:1      | Reached XP level 2. HP: 27/27 MP: 1/1
   372 | D:1      | Reached skill level 4 in Fighting
   757 | D:1      | Gained mutation: Your spells are a little harder to cast,
                  | but a little more powerful. [potion of mutation]
   757 | D:1      | Gained mutation: You are clumsy. (Dex -2) [potion of
                  | mutation]
   779 | D:$      | Got out of the dungeon alive.

Illustrated notes

Levels and vault maps discovered:
D:1:      scummos_arrival_simple_fountains, layout_basic,
          chequers_serial_rivers_micro_d, chequers_serial_rivers_room_a

Skill      XL: |  1  2 |
---------------+-------+-----
Fighting       | 4 |  4.1
Long Blades    | |  2.8
Armour         | |  3.9
Shields        | |  3.9

Action                     || total
---------------------------++-------
  Melee: Long sword        ||    30
         Headbutt          ||     4
    Use: Potion            ||     3
         Scroll            ||     2
 Armour: Scale mail        ||    18
  Dodge: Dodged            ||    22
  Block: Buckler           ||    14
